 Dungeon Crawl Stone Soup version 0.31-a0-845-g9abc20d24f (webtiles) character file.

Game seed: 4379494187419377905

448 night the Firebug (level 6, 0/34 (45) HPs)
             Began as a Demonspawn Fire Elementalist on Oct 2, 2023.
             Slain by a wight
             ... wielding a +0 great sword
              (2 damage)
             ... on level 4 of the Dungeon.
             The game lasted 00:10:37 (3752 turns).

night the Firebug (Demonspawn Fire Elementalist)    Turns: 3752, Time: 00:10:38

HP:   0/34 (45)     AC:  5    Str:  9    XL:     6   Next: 73%
MP:   0/10          EV: 12    Int: 18    God:
Gold: 149           SH:  0    Dex: 21    Spells: 5/11 levels left

rFire   . . .        x - +1 trident (vamp)
rCold   . . .        (no shield)
rNeg    . . .        r - +2 robe
rPois   .            g - +0 helmet
rElec   .            (no cloak)
rCorr   .            (no gloves)
SInv    .            (no boots)
Will    +....        (no amulet)
Stlth   +++          s - +6 ring of dexterity
HPRegen 0.25/turn    w - ring of willpower
MPRegen 0.12/turn

%: clarity
@: brilliant, heavily drained
A: claws 1, thin skeletal structure 1, powered by pain 1, clarity
a: no special abilities


You were on level 4 of the Dungeon.
You visited 1 branch of the dungeon, and saw 4 of its levels.

You collected 237 gold pieces.
You spent 88 gold pieces at shops.

Inventory:

Hand Weapons
 c - a +0 dagger
 x - a +1 vampiric trident (weapon)
Missiles
 d - 45 stones
Armour
 a - a +0 robe
 g - a +0 helmet (worn)
 r - a +2 robe (worn)
Jewellery
 j - an amulet of guardian spirit
 s - a +6 ring of dexterity (left claw)
 t - a ring of see invisible
 w - a ring of willpower (right claw)
 y - a ring of willpower
Scrolls
 e - 4 scrolls of identify
 h - a scroll of teleportation
 i - a scroll of enchant weapon {unknown}
 m - a scroll of blinking {unknown}
 n - a scroll of vulnerability {unknown}
 p - a scroll of summoning {unknown}
 q - a scroll of poison {unknown}
 u - a scroll of noise {unknown}
Potions
 b - a potion of magic
 k - a potion of curing {unknown}
 l - a potion of brilliance
 o - 2 potions of cancellation
 v - a potion of resistance {unknown}


   Skills:
 + Level 2.3 Fighting
 - Level 1.7 Dodging
 - Level 1.7 Stealth
 + Level 3.2 Spellcasting
 * Level 4.1 Conjurations
 * Level 4.6 Fire Magic


You had 5 spell levels left.
You knew the following spells:

 Your Spells              Type           Power      Damage    Failure   Level
a - Foxfire               Conj/Fire      100%       2x1d9     2%          1
b - Scorch                Fire           58%        2d7       3%          2
c - Volatile Blastmotes   Fire/Tloc      32%        2d12      19%         3

Your spell library contained the following spells:

 Spells                   Type           Power      Damage    Failure   Level
 Apportation              Tloc           8%         N/A       16%         1
 Inner Flame              Hex/Fire       16%        N/A       19%         3
 Jinxbite                 Hex            8%         N/A       24%         2
 Flame Wave               Conj/Fire      27%        2d9       26%         4
 Alistair's Intoxication  Tmut/Pois      2%         N/A       99%         5


Dungeon Overview and Level Annotations

Branches:
Dungeon (4/15)
 Temple: D:4-7

Altars:

Shops:
D:2 [

Annotations:
D:3 2 transporters, NigelTetley's ghost, amateur DgFi


Innate Abilities, Weirdness & Mutations

You have sharp fingernails.
You have a somewhat thin skeletal structure. (Dex +2, Stealth+)
You sometimes gain a little power by taking damage.
You possess an exceptional clarity of mind.


Message History

Unknown command.
Casting: Scorch (safe; 3% risk of failure)
Confirm with . or Enter, or press ? or * to list all spells.
You miscast Scorch.
You are very lightly contaminated with residual magic.
Nothing appears to happen.
The wight barely misses you. The wight misses you.
Unknown command.
Casting: Scorch (safe; 3% risk of failure)
Confirm with . or Enter, or press ? or * to list all spells.
You conjure some foxfire!
The wight closely misses you. The wight barely misses you.
Unknown command.
The foxfire hits the wight!
The wight is burned terribly!
You destroy the wight!
The foxfire hits the wight but does no damage.
The wight is moderately damaged.
Your Conjurations skill increases to level 4!
Casting: Foxfire (safe; 2% risk of failure)
Confirm with . or Enter, or press ? or * to list all spells.
You don't have enough magic to cast this spell.
The wight attacks as it pursues you!
The wight hits you with a +0 great sword!
* * * LOW HITPOINT WARNING * * *
You feel drained.
* * * LOW HITPOINT WARNING * * *
It was a potion of cancellation.
You feel magically purged.
Your magical contamination has completely faded away.
The wight barely misses you.
It was a potion of brilliance.
You feel clever all of a sudden. The wight barely misses you.
Casting: Foxfire (safe; 2% risk of failure)
Confirm with . or Enter, or press ? or * to list all spells.
Okay, then.
It was a potion of mutation.
You feel extremely strange.
Your thoughts seem clearer.
Your feet thicken and deform.
Your hooves expand and flesh out into feet!
The wight hits you but does no damage.
The wight hits you with a +0 great sword.
You die...

#...# #...# #...#
#...# .#######.###
...........# #
#.........)#####.#
#........z.......#
........@z.#####.#
...........# #
...........####
#...........##..
#...........##.##.#
#.####...####.##.#
#...##...# #.##.#
######......#
#.##.# ~~~~##
#....# #.##.# #


You could see 2 wights.

Vanquished Creatures
  A phantom (D:2)
  2 wights (D:4)
  A hound (D:4)
  An orc priest (D:4)
  2 iguanas (D:4)
  6 adders
  2 worms
  A dart slug (D:1)
  8 orcs
  10 endoplasms
  4 giant cockroaches
  10 goblins
  6 hobgoblins
  5 jackals (D:1)
  8 kobolds
  4 quokkas
  3 ball pythons
  5 bats
  9 frilled lizards
  3 rats
91 creatures vanquished.

Vanquished Creatures (collateral kills)
  A foxfire (D:2)
1 creature vanquished.

Vanquished Creatures (others)
  131 foxfires
131 creatures vanquished.

Grand Total: 223 creatures vanquished

Notes
Turn   | Place    | Note
-------+----------+-------------------------------------------
     0 | D:1      | night the Demonspawn Fire Elementalist began the quest for
                  | the Orb.
     0 | D:1      | Reached XP level 1. HP: 13/13 MP: 3/3
   153 | D:1      | Gained mutation: You have a somewhat thin skeletal
                  | structure. (Dex +2, Stealth+) [demonic ancestry]
   153 | D:1      | Reached XP level 2. HP: 20/20 MP: 1/5
   295 | D:1      | Learned a level 2 spell: Scorch
   309 | D:1      | You fall into a shaft and drop 1 floor!
   732 | D:1      | Gained mutation: You sometimes gain a little power by
                  | taking damage. [demonic ancestry]
   732 | D:1      | Reached XP level 3. HP: 25/25 MP: 0/6
   987 | D:1      | Reached skill level 2 in Conjurations
  1403 | D:2      | Reached skill level 1 in Fighting
  1516 | D:2      | Gained mutation: You have sharp fingernails. [demonic
                  | ancestry]
  1516 | D:2      | Reached XP level 4. HP: 23/32 MP: 3/7
  1653 | D:2      | Noticed a phantom
  1664 | D:2      | Killed a phantom
  1665 | D:2      | Reached XP level 5. HP: 37/37 MP: 0/8
  1834 | D:2      | Found Onwikloin's Antique Armour Shoppe.
  1850 | D:2      | Bought an embroidered robe for 88 gold pieces
  2106 | D:2      | Learned a level 3 spell: Volatile Blastmotes
  2637 | D:3      | Found a faded altar of an unknown god.
  2721 | D:3      | Noticed NigelTetley's ghost (amateur DgFi)
  2722 | D:3      | Found a transporter.
  2743 | D:3      | Found a transporter.
  3422 | D:4      | Reached skill level 2 in Fighting
  3422 | D:4      | Reached XP level 6. HP: 44/44 MP: 6/10
  3749 | D:4      | HP: 3/36 [wight/+0 great sword (10)]
  3752 | D:4      | Gained mutation: You possess an exceptional clarity of
                  | mind. [potion of mutation]
  3752 | D:4      | Gained mutation: You have large cloven feet. [potion of
                  | mutation]
  3752 | D:4      | Lost mutation: You have large cloven feet. [potion of
                  | mutation]
  3752 | D:4      | Slain by a wight

Illustrated notes

Levels and vault maps discovered:
D:1:      dpeg_arrival_short_road, layout_loops_ring, st_stairs_10,
          minivault_23, wander_ebering_terrifying_dragon_lair
D:2:      layout_loops_ring, serial_shops, nicolae_shop_overgrown_old_shop
D:3:      layout_loops_ring, shapermc_ecumenical_altar_pompeii,
          gammafunk_ghost_mausoleum, minmay_misc_feat_rows
D:4:      cheibrodos_helix_gallery, layout_basic, nicolae_shop_fire_sale
          [nicolae_sub_dead_trees], chequers_serial_rivers_room_a

Skill      XL: |  1  2  3  4  5  6 |
---------------+-------------------+-----
Fire Magic     | 3 4 |  4.6
Conjurations   | 2 3 4 |  4.1
Fighting       | 1 2 |  2.3
Spellcasting   | 3 |  3.2
Dodging        | |  1.7
Stealth        | |  1.7

Action                     |  1- 3 |  4- 6 || total
---------------------------+-------+-------++-------
  Melee: Dagger            |    64 |    15 ||    79
         Trident           |       |    28 ||    28
   Cast: Foxfire           |    43 |    43 ||    86
         Scorch            |    12 |    23 ||    35
    Use: Potion            |       |     3 ||     3
         Scroll            |       |     2 ||     2
   Stab: Sleeping          |     4 |     6 ||    10
         Distracted        |       |     1 ||     1
 Armour: Robe              |    50 |    40 ||    90
  Dodge: Dodged            |    63 |    37 ||   100

Table legend: (Time is in decaauts)
 A = Elapsed time spent in this place.
 B = Non-inter-level travel time spent in this place.
 C = Inter-level travel time spent in this place.
 D = Time resting spent in this place.
 E = Time spent auto-exploring this place.
 F = Levels seen in this place.
 G = Mean time per level.
                   A        B        C        D        E       F      G
               +--------+--------+--------+--------+--------+-----+--------+
         Total |   3763 |   3655 |    108 |    473 |   2458 |   4 |  940.8 |
       Dungeon |   3763 |   3655 |    108 |    473 |   2458 |   4 |  940.8 |
               +--------+--------+--------+--------+--------+-----+--------+

Top non-repeatable levels by time:
     D:1: 1453 daAuts
     D:2: 1032 daAuts
     D:3: 926 daAuts
     D:4: 350 daAuts
